 Dungeon Crawl Stone Soup version 0.22-a0-265-g0d8bc90 (webtiles) character file.

226 ohad the Changer (level 5, 0/37 HPs)
             Began as a Demonspawn Transmuter on Mar 7, 2018.
             Was an Initiate of Okawaru.
             Killed by divine providence
             ... invoked by an orc priest
              (14 damage)
             ... on level 4 of the Dungeon.
             The game lasted 00:09:39 (4983 turns).

ohad the Changer (Demonspawn Transmuter)            Turns: 4983, Time: 00:09:40

Health: 0/37       AC:  2    Str: 12    XL:     5   Next: 69%
Magic:  6/8        EV: 19    Int: 14    God:    Okawaru [......]
Gold:   62         SH:  0    Dex: 18    Spells: 2/8 levels left

rFire    . . .     SeeInvis .     - Unarmed
rCold    . . .     Gourm    .   (shield currently unavailable)
rNeg     . . .     Faith    .   (armour currently unavailable)
rPois    x         Spirit   .   (helmet currently unavailable)
rElec    .         Reflect  .   (cloak currently unavailable)
rCorr    .         Harm     .   (gloves currently unavailable)
MR       .....     Rnd*Tele +   (boots currently unavailable)
Stlth    +++.......             (no amulet)
HPRegen  0.12/turn              m - ring of teleportation (curse)
MPRegen  0.11/turn              (no ring)

@: spider-form (expiring)
A: tiny, nightstalker 1
a: End Transformation, Renounce Religion


You were on level 4 of the Dungeon.
You worshipped Okawaru.
Okawaru was noncommittal.
You were not hungry.
You were a venomous arachnid creature.
You visited 1 branch of the dungeon, and saw 4 of its levels.

You collected 62 gold pieces.

Inventory:

Hand Weapons
 r - a +0 blowgun
 v - a +1 dagger of speed
 x - a cursed -3 short sword
 z - a +0 blowgun
Missiles
 a - 55 arrows
 l - 18 bolts
 t - 43 poisoned needles
Armour
 b - a +0 robe (melded)
 o - a cursed +0 ring mail
 q - a +2 scale mail of poison resistance
 y - a +0 scale mail
 B - a +3 chain mail
Jewellery
 m - a cursed ring of teleportation (left front leg)
Scrolls
 c - a scroll of enchant weapon {unknown}
 e - 2 scrolls of noise {unknown}
 g - 2 scrolls of teleportation {unknown}
 i - 5 scrolls of identify {unknown}
 j - 3 scrolls of remove curse {unknown}
 k - a scroll of amnesia {unknown}
 n - a scroll of enchant armour {unknown}
 s - a scroll of blinking {unknown}
Potions
 f - a potion of heal wounds
 h - a potion of brilliance {unknown}
 p - a potion of resistance {unknown}
 u - 3 potions of degeneration {unknown}
 w - a potion of flight {unknown}
Comestibles
 d - 8 rations
 A - 4 chunks of flesh


   Skills:
 - Level 1.0 Fighting
 - Level 1.7 Dodging
 - Level 2.6 Unarmed Combat
 - Level 2.0 Spellcasting
 + Level 5.5 Transmutations


You had 2 spell levels left.
You knew the following spells:

 Your Spells              Type           Power        Failure   Level  Hunger
a - Beastly Appendage     Tmut           ###...       10%         1    ##.....
b - Sticks to Snakes      Tmut           ###.....     12%         2    ###....
c - Spider Form           Tmut/Pois      #.........   43%         3    ####...


Dungeon Overview and Level Annotations

Branches:
Dungeon (4/15)
 Temple: D:4-7

Altars:
Okawaru
Qazlal
Ru

Shops:
D:4 *


Innate Abilities, Weirdness & Mutations

You are slightly more attuned to the shadows.
((You are partially covered in sharp spines.))


Message History

An ogre comes into view. It is wielding a giant spiked club.
Your transformation is almost over.
Found 21 gold pieces.
An orc priest comes into view. It is wielding a dagger.
The ogre shouts!
The orc priest shouts! x2; You hear a shout! x3
The orc priest calls down the wrath of Beogh upon you.
Beogh smites you!
The orc priest moves out of view.
You hear a howl!
An orc and a skeleton come into view. 2 orcs come into view.
The orc moves out of view.
The orc priest looks satisfied for a moment.
A worker ant comes into view.
The ogre hits you with a giant spiked club!
You see here a centaur barding.
The orc priest mumbles some strange prayers to Beogh against you.
You barely resist.
The orc priest mumbles some strange prayers to Beogh against you.
Beogh smites you!
You die...

#.....
..................
..∩...............
...... ..........
..... .$.....>
#..####.##.#
##.s.O.o...#
#....[.Z.oo#
...........P......
###......♣≈o≈......
#.....P≈≈≈.≈P..#.
#......≈..≈≈P..#
#......≈≈≈≈≈≈P##
#.....♣≈≈≈≈a[!.


You could see an ogre, 2 orc priests, an orc and a hound skeleton.

Vanquished Creatures
  An orc priest (D:3)
  A worker ant (D:3)
  3 gnolls (D:2)
  4 adders
  An ooze (D:1)
  2 worms
  2 dart slugs
  4 leopard geckos
  10 orcs (D:3)
  5 bats
  A giant cockroach (D:3)
  5 goblins
  5 hobgoblins
  8 jackals
  14 kobolds
  A quokka (D:3)
  A ball python (D:3)
  A frilled lizard (D:1)
  7 rats
76 creatures vanquished.

Vanquished Creatures (collateral kills)
  An adder (D:3)
  A kobold (D:3)
2 creatures vanquished.

Grand Total: 78 creatures vanquished

Notes
Turn   | Place    | Note
-------+----------+-------------------------------------------
     0 | D:1      | ohad the Demonspawn Transmuter began the quest for the Orb.
     0 | D:1      | Reached XP level 1. HP: 15/15 MP: 3/3
    23 | D:1      | Reached skill level 2 in Transmutations
   234 | D:1      | Gained mutation: You are partially covered in sharp spines. [demonic ancestry]
   234 | D:1      | Reached XP level 2. HP: 6/21 MP: 3/5
   809 | D:1      | Learned a level 2 spell: Sticks to Snakes
   938 | D:1      | Reached skill level 3 in Transmutations
  1147 | D:1      | Reached XP level 3. HP: 26/26 MP: 6/6
  1774 | D:2      | Reached XP level 4. HP: 23/32 MP: 7/7
  1775 | D:2      | Reached skill level 4 in Transmutations
  2032 | D:2      | Learned a level 3 spell: Spider Form
  2532 | D:2      | Found a faded altar of an unknown god.
  2776 | D:2      | Found a stormy altar of Qazlal.
  2918 | D:3      | Gained mutation: You are slightly more attuned to the shadows. [demonic ancestry]
  2918 | D:3      | Reached XP level 5. HP: 16/37 MP: 2/8
  3618 | D:3      | Reached skill level 5 in Transmutations
  3758 | D:3      | Found an iron altar of Okawaru.
  3779 | D:3      | Became a worshipper of Warmaster Okawaru
  4393 | D:3      | Found a sacrificial altar of Ru.
  4805 | D:4      | Found Zin's Purification Station.
  4975 | D:4      | Noticed an ogre
  4983 | D:4      | Killed from afar by an orc priest

Vault maps used:
D:1:      dpeg_arrival_radiant, minmay_pentomino_r2
D:2:      grunt_qazlal_clouds, chequers_ecumenical_altar_simple
D:3:      nicolae_overflow_crystal_walls, lemuel_doored_altar, first_ration
D:4:      cheibrodos_helix_gallery, zin_purify, serial_shops, shop,
          serial_bayou_pond_b

Skill      XL: |  1  2  3  4  5 |
---------------+----------------+-----
Transmutations | 2 3 4 5 |  5.5
Fighting       | |  1.0
Dodging        | |  1.7
Unarmed Combat | |  2.6
Spellcasting   | |  2.0

Action                   |  1- 3 |  4- 6 || total
-------------------------+-------+-------++-------
Melee: Unarmed           |   103 |   116 ||   219
       Kick              |     6 |       ||     6
       Headbutt          |     1 |       ||     1
       Punch             |     1 |       ||     1
 Cast: Beastly Appendage |     8 |     1 ||     9
       Spider Form       |       |    18 ||    18
       Sticks to Snakes  |       |     2 ||     2
  Use: Potion            |     2 |     1 ||     3
 Stab: Sleeping          |       |     4 ||     4
  Eat: Chunk             |     3 |     9 ||    12
       Ration            |       |     1 ||     1
Armor: Robe              |    16 |     3 ||    19
       Skin              |       |     2 ||     2
Dodge: Dodged            |    73 |    92 ||   165

Table legend:
 A = Spawn XP
 B = Non-spawn XP
 C = Spawn XP percentage of total XP
 D = Spawn monster count
 E = Non-spawn monster count
 F = Spawn count percentage of total count
 G = Total turns spent on level
                    A         B        C        D         E        F      G
               +---------+---------+-------+---------+---------+-------+---------
         Total |       0 |     324 |   0.0 |       0 |      78 |   0.0 |  4983
               +---------+---------+-------+---------+---------+-------+---------
           D:1 |       0 |      47 |   0.0 |       0 |      25 |   0.0 |  1579
           D:2 |       0 |     118 |   0.0 |       0 |      23 |   0.0 |  1504
           D:3 |       0 |     159 |   0.0 |       0 |      30 |   0.0 |  1879
               +---------+---------+-------+---------+---------+-------+---------
